 Dungeon Crawl Stone Soup version 0.26-a0-597-gb535b0901c (webtiles) character file.

Game seed: 2217028221824731768

680016 Caleiyous the Conqueror (level 27, -8/199 HPs)
             Began as a Gargoyle Fighter on Sept 7, 2020.
             Was the Champion of Okawaru.
             Mangled by an ancient lich (20 damage)
             ... on level 5 of the Realm of Zot on Sept 12, 2020.
             The game lasted 04:13:21 (71277 turns).

Caleiyous the Conqueror (Gargoyle Fighter)         Turns: 71277, Time: 04:13:23

Health: -8/199     AC:  0    Str: 28    XL:     27
Magic:  17/23      EV: 23    Int: 14    God:    Okawaru [******]
Gold:   7428       SH:  5    Dex: 16    Spells: 26/26 levels left

rFire    . . .     SeeInvis .     - Unarmed
rCold    . . .     Faith    .   (shield currently unavailable)
rNeg     + . .     Spirit   .   (armour currently unavailable)
rPois    ∞         Reflect  +   (helmet currently unavailable)
rElec    .         Harm     .   (cloak currently unavailable)
rCorr    .         Clarity  +   (gloves currently unavailable)
MR       ++...     Rnd*Tele +   (boots currently unavailable)
Stlth    +++.......             Z - amulet of reflection
HPRegen  0.43/turn              (ring currently unavailable)
MPRegen  0.18/turn              (ring currently unavailable)

@: about to teleport, bat-form, heroism, finesse, flying, very quick
A: tiny, clarity, clever 1, low mp 2, negative energy resistance 1, screaming 2,
teleportitis 2, petrification resistance, rot immunity, subdued magic 1, AC +20
}: 3/15 runes: serpentine, barnacled, silver
a: Heroism, Finesse, Renounce Religion


You were on level 5 of the Realm of Zot.
You worshipped Okawaru.
Okawaru was exalted by your worship.
You were in bat-form.
You visited 12 branches of the dungeon, and saw 55 of its levels.
You also visited: Ice Cave.

You collected 9927 gold pieces.
You spent 2499 gold pieces at shops.

Inventory:

Hand Weapons
 a - the +5 morningstar of Juhu (melded) {freeze, MR+}
   (Okawaru gifted it to you on level 2 of the Elven Halls)

   It has been specially enchanted to freeze those struck by it, causing extra
   injury to most foes and up to half again as much damage against particularly
   susceptible opponents.
   It can also slow down cold-blooded creatures.
   It affects your resistance to hostile enchantments.
 c - a +9 sacred scourge of holy wrath
 x - a +2 eveningstar of draining
 y - a +8 hand crossbow of freezing
Missiles
 u - 2606 bolts
Armour
 b - a +3 tower shield (melded)
 D - the +5 pair of gloves "Uskees" (melded) {rC+ rN++ Regen+ Dex-4}
   (You bought it in a shop on level 13 of the Dungeon)

   It affects your dexterity (-4).
   It protects you from cold.
   It greatly protects you from negative energy.
   It increases your rate of regeneration.
 H - a +2 cloak (melded)
 K - a +14 crystal plate armour (melded)
 Q - the +3 pair of gauntlets of War {Slay+5}
   (You found it on level 5 of the Vaults)

   It affects your accuracy and damage with ranged weapons and melee attacks
   (+5).
 U - a +2 pair of boots of flying (melded)
 X - a +2 hat of magic resistance (melded)
Jewellery
 p - the ring of Raghi (melded) {+Blink Str+4 Int+6 Dex-2 Stlth+}
   (You acquired it on level 4 of the Vaults)

   [ring of intelligence]

   It affects your strength (+4).
   It affects your intelligence (+6).
   It affects your dexterity (-2).
   It lets you blink.
   It makes you more stealthy.
 t - an uncursed ring of wizardry
 L - an uncursed ring of fire
 S - the ring of Ukapt {rC+ EV+4 Str+7 Stlth-}
   (You took it off a deep elf death mage on level 3 of the Elven Halls)

   [ring of evasion]

   It affects your evasion (+4).
   It affects your strength (+7).
   It protects you from cold.
   It makes you less stealthy.
 W - an uncursed amulet of magic regeneration
 Y - the ring of Namam (melded) {rPois rF+ MR++ SInv}
   (You took it off a deep elf death mage on level 3 of the Elven Halls)

   [ring of protection from fire]

   It protects you from fire.
   It protects you from poison.
   It affects your resistance to hostile enchantments.
   It lets you see invisible.
 Z - an amulet of reflection (around neck)
Wands
 i - a wand of disintegration (20)
 r - a wand of iceblast (64)
 F - a wand of digging (16)
 I - a wand of acid (38)
 M - a wand of paralysis (16)
Scrolls
 g - 11 scrolls of blinking
 h - 24 scrolls of remove curse
 k - 11 scrolls of magic mapping
 l - 19 scrolls of teleportation
 s - a scroll of amnesia
 v - 12 scrolls of fear
 w - 22 scrolls of identify
 G - 5 scrolls of vulnerability
 J - 4 scrolls of silence
 N - 4 scrolls of fog
 R - 6 scrolls of torment
 T - 5 scrolls of summoning
 V - 3 scrolls of holy word
Potions
 d - 2 potions of might
 e - 4 potions of magic
 m - 32 potions of curing
 n - 15 potions of brilliance
 o - 2 potions of berserk rage
 q - 9 potions of ambrosia
 z - 8 potions of haste
 A - 14 potions of stabbing
 B - 11 potions of cancellation
 C - a potion of resistance
 E - a potion of mutation
 O - 4 potions of invisibility
 P - 3 potions of heal wounds
Miscellaneous
 f - a condenser vane (2/2)


   Skills:
 O Level 27 Fighting
 + Level 20.6(25.6) Maces & Flails
 + Level 11.3(16.3) Crossbows
 O Level 27 Armour
 O Level 27 Shields
 - Level 8.0 Invocations
 + Level 15.6 Evocations


You had 26 spell levels left.
You didn't know any spells.
Your spell library contained the following spells:

 Spells                   Type           Power        Failure   Level
 Animate Skeleton         Necr           #.....       24%         1
 Apportation              Tloc           #.....       24%         1
 Beastly Appendage        Tmut           #.....       24%         1
 Corona                   Hex            #......      24%         1
 Foxfire                  Conj/Fire      #...         24%         1
 Freeze                   Ice            #...         24%         1
 Magic Dart               Conj           #...         24%         1
 Pain                     Necr           #...         24%         1
 Sandblast                Erth           #.....       24%         1
 Shock                    Conj/Air       #...         24%         1
 Summon Small Mammal      Summ           #...         24%         1
 Blink                    Tloc           N/A          36%         2
 Call Imp                 Summ           #.......     36%         2
 Corpse Rot               Necr/Air       N/A          36%         2
 Ensorcelled Hibernation  Hex/Ice        #.....       36%         2
 Passwall                 Tmut/Erth      #.......     36%         2
 Poisonous Vapours        Pois/Air       #.....       36%         2
 Slow                     Hex            #.......     36%         2
 Swiftness                Air            #.......     36%         2
 Wereblood                Tmut           #.......     36%         2
 Call Canine Familiar     Summ           #.......     61%         3
 Confusing Touch          Hex            #.......     61%         3
 Conjure Flame            Conj/Fire      #.......     61%         3
 Frozen Ramparts          Ice            #.....       61%         3
 Gell's Gravitas          Tloc           #.........   61%         3
 Ignite Poison            Fire/Tmut/Pois #.......     61%         3
 Inner Flame              Hex/Fire       #.......     61%         3
 Lesser Beckoning         Tloc           #.........   61%         3
 Mephitic Cloud           Conj/Pois/Air  #.......     61%         3
 Portal Projectile        Hex/Tloc       #.....       61%         3
 Spider Form              Tmut/Pois      #.........   61%         3
 Static Discharge         Conj/Air       #.......     61%         3
 Stone Arrow              Conj/Erth      #.....       61%         3
 Summon Guardian Golem    Hex/Summ       #.......     61%         3
 Teleport Other           Tloc           #.......     61%         3
 Airstrike                Air            #.........   95%         4
 Cause Fear               Hex            #.........   95%         4
 Ice Form                 Ice/Tmut       #.......     95%         4
 Leda's Liquefaction      Hex/Erth       #.........   95%         4
 Passage of Golubria      Tloc           N/A          95%         4
 Petrify                  Tmut/Erth      #.......     95%         4
 Sticky Flame             Conj/Fire      #.......     95%         4
 Summon Ice Beast         Ice/Summ       #.......     95%         4
 Summon Lightning Spire   Summ/Air       #.......     95%         4
 Alistair's Intoxication  Tmut/Pois      #........    100%        5
 Blade Hands              Tmut           #.........   100%        5
 Bolt of Magma            Conj/Fire/Erth #.........   100%        5
 Borgnjor's Vile Clutch   Necr/Erth      #.........   100%        5
 Excruciating Wounds      Necr           #.........   100%        5
 Fireball                 Conj/Fire      #.........   100%        5
 Irradiate                Conj/Tmut      #.........   100%        5
 Iskenderun's Battlesphe  Conj           #.......     100%        5
 Lee's Rapid Deconstruct  Erth           #.........   100%        5
 Lightning Bolt           Conj/Air       #.........   100%        5
 Metabolic Englaciation   Hex/Ice        #.........   100%        5
 Silence                  Hex/Air        #.........   100%        5
 Summon Forest            Summ/Tloc      #.........   100%        5
 Summon Mana Viper        Hex/Summ       #.......     100%        5
 Yara's Violent Unravell  Hex/Tmut       #.........   100%        5
 Conjure Ball Lightning   Conj/Air       #.........   100%        6
 Eringya's Noxious Bog    Tmut/Pois      #.........   100%        6
 Freezing Cloud           Conj/Ice/Air   #.........   100%        6
 Hydra Form               Tmut           #.........   100%        6
 Iron Shot                Conj/Erth      #.........   100%        6
 Ozocubu's Refrigeration  Ice            #.........   100%        6
 Shadow Creatures         Summ           N/A          100%        6
 Simulacrum               Ice/Necr       #.........   100%        6
 Starburst                Conj/Fire      #.........   100%        6
 Dragon Form              Tmut           #.........   100%        7
 Haunt                    Necr/Summ      #.........   100%        7
 Malign Gateway           Summ/Tloc      #.........   100%        7
 Monstrous Menagerie      Summ           #.........   100%        7
 Orb of Destruction       Conj           #.........   100%        7
 Spellforged Servitor     Conj/Summ      #.........   100%        7
 Summon Greater Demon     Summ           #.........   100%        7
 Summon Hydra             Summ           #.........   100%        7
 Borgnjor's Revivificati  Necr           #.........   100%        8
 Ignition                 Fire           #.........   100%        8
 Infestation              Necr           #.........   100%        8
 Necromutation            Tmut/Necr      #.........   100%        8
 Summon Horrible Things   Summ           #.........   100%        8
 Death's Door             Necr           #.........   100%        9
 Dragon's Call            Summ           #.........   100%        9
 Shatter                  Erth           #.........   100%        9
 Tornado                  Air            #.........   100%        9
 Sublimation of Blood     Necr           Unusable     N/A         2
 Statue Form              Tmut/Erth      Unusable     N/A         6

Dungeon Overview and Level Annotations

Branches:
Dungeon (15/15)            Temple (1/1) D:7            Lair (6/6) D:11
 Shoals (4/4) Lair:4        Snake (4/4) Lair:4        Slime (0/5) Lair:5
    Orc (2/2) D:9             Elf (3/3) Orc:2        Vaults (5/5) D:14
  Crypt (3/3) Vaults:2       Tomb (2/3) Crypt:3      Depths (5/5) D:15
    Zot (5/5) Depths:5      IceCv (visited)

Altars:
Ashenzari
Cheibriados
Dithmenos
Elyvilon
Fedhas
Gozag
Hepliaklqana
Kikubaaqudgha
Makhleb
Nemelex Xobeh
Okawaru
Qazlal
Ru
Sif Muna
Trog
Uskayaw
Vehumet
Wu Jian
Xom
Yredelemnul
Zin
The Shining One
Jiyva

Shops:
D:5 (   D:11 ([[   D:13 [   D:14 *   Orc:2 :*[[=   Elf:1 [}:**   Shoals:1 *
Snake:1 }=}   Vaults:4 }?   Depths:3 (*   Depths:5 *

Portals:
Hell: Depths:1 Depths:2 Depths:3 Depths:4 Depths:5
Abyss: Depths:4
Pandemonium: Depths:1 Depths:3
Ziggurat: Depths:5


Innate Abilities, Weirdness & Mutations

You are resistant to torment.
((Your stone body is resilient. (AC +20)))
You are immune to poison.
((Your large and strong wings let you fly indefinitely.))
You resist negative energy. (rN+)
((You are resistant to electric shocks. (rElec)))
((You can survive without breathing.))
You are immune to petrification.
You are immune to rotting.
((You have sharp fingernails.))
((You have a pair of small horns on your head.))
You possess an exceptional clarity of mind.
Your mind is acute. (Int +2)
Your magical capacity is very low. (-20% MP)
You sometimes yell uncontrollably at your foes.
You are sometimes teleported next to monsters.
Your spells are a little easier to cast, but a little less powerful.


Message History

Deactivating autopickup; reactivate with Ctrl-A.
You barely miss something. The Orb Guardian completely misses you.
Unknown command.
You hit something but do no damage. The Executioner completely misses you.
The Executioner hits you!
* * * LOW HITPOINT WARNING * * *
The Executioner closely misses you.
You maul the tentacled monstrosity!!
The tentacled monstrosity is severely wounded.
The Executioner closely misses you. The Executioner hits you.
* * * LOW HITPOINT WARNING * * *
The Executioner completely misses you. The Orb Guardian hits you!!
* * * LOW HITPOINT WARNING * * *
The Killer Klown throws klown pie at you.
The klown pie misses you.
The klown pie hits the tentacled monstrosity!
Moon pie!
The tentacled monstrosity evaporates and reforms as a hellephant!
Something touches you!!
You die...

▓▓▓▓▓▓▓##.....▓▓
...............▓▓
....pX..........▓▓
...^.............▓▓
.(................▓
..................▓
....§.........p..▓
..1.........XXYX▓
.....p§.....§1b▓▓
......^......{..▓▓
...........^..p..▓▓
...§.L§p$..8......▓
...§§...^..(......▓
.§..§^......^....▓▓
..."§.....^.^..▓▓
.§.......▓▓▓▓
▓▓▓▓▓▓▓▓▓▓


You could see a hellephant, 3 Killer Klowns, an electric golem, 3 Orb Guardians
and an Executioner (summoned, fast).

Vanquished Creatures
  Khufu (Crypt:1)
  3 orbs of fire
  Mennas (Depths:4)
  3 ancient liches
  Mara (Crypt:1)
  2 juggernauts (Depths:3)
  3 greater mummies
  Sojobo (Vaults:4)
  A Killer Klown (Zot:4)
  Saint Roka (Depths:4)
  Xtahua (Crypt:1)
  Margery (Vaults:4)
  Vashnia (Snake:4)
  10 golden dragons
  Nikola (Depths:2)
  4 liches
  Jory (Crypt:3)
  the Enchantress (Depths:2)
  A bone dragon (Depths:5)
  The ghost of Kuifeh the Executioner, an adept MiBe of Trog (Vaults:2)
  4 electric golems
  Jorgrun (Elf:1)
  15 tentacled monstrosities
  Asterion (Vaults:1)
  5 titans
  4 deep elf blademasters
  3 krakens
  2 deep elf master archers (Elf:3)
  10 death cobs
  5 quicksilver dragons
  Frances (Elf:1)
  2 ancient champions
  7 draconian monks
  15 sphinxes
  14 tengu reavers
  Kirke (Snake:2)
  7 storm dragons
  7 shadow dragons
  2 storm dragons (shapeshifter) (Depths:4)
  Ilsuiw (Shoals:3)
  13 fire giants
  2 revenants
  7 nagarajas
  Roxanne (Shoals:1)
  17 vault wardens
  A draconian knight (Zot:2)
  3 draconian scorchers
  2 draconian shifters
  4 deep elf sorcerers
  An iron dragon (Vaults:5)
  3 ghost moths
  8 frost giants
  An orc warlord (Orc:1)
  Aizul (Snake:1)
  3 draconian stormcallers
  A caustic shrike zombie (Crypt:1)
  9 war gargoyles
  14 ghouls
  8 deep elf elementalists
  A reaper (Crypt:3)
  An entropy weaver (Vaults:4)
  16 ironheart preservers
  10 very ugly things
  A juggernaut skeleton (D:15)
  4 draconian annihilators
  5 spriggan defenders
  9 deep elf demonologists
  22 vampire knights
  5 large abominations
  14 stone giants
  13 black draconians
  7 green draconians
  10 red draconians
  6 purple draconians
  8 yellow draconians
  8 white draconians
  5 deep elf annihilators
  A spark wasp (shapeshifter) (Vaults:5)
  10 spark wasps
  16 deep elf death magi
  An ettin (shapeshifter) (Depths:3)
  2 merfolk javelineers (Shoals:4)
  3 eidola
  A minotaur (Lair:1)
  5 mummy priests (Tomb:1)
  24 ettins
  4 merfolk impalers
  Josephine (Lair:5)
  The ghost of Ifackof the Cleaver, a journeyman DDFi of Makhleb (D:11)
  8 fire dragons
  9 jiangshi (Crypt:3)
  28 vault guards
  6 deep elf high priests
  5 great orbs of eyes
  21 yaktaur captains
  2 quicksilver dragon zombies
  15 naga warriors
  10 ice dragons
  Harold (D:14)
  5 rakshasas
  5 hydras
  2 spectral tengu (Vaults:2)
  A spectral stone giant (Vaults:2)
  5 merfolk avatars
  A catoblepas (Lair:3)
  2 merfolk aquamancers
  12 centaur warriors
  2 juggernaut simulacra (Depths:4)
  13 spriggan air magi
  9 anacondas
  68 two-headed ogres
  A quicksilver dragon skeleton (Depths:3)
  10 death knights
  A two-headed ogre (shapeshifter) (Vaults:5)
  14 deep troll shamans
  28 dancing weapons
  16 ogre magi
  5 tengu warriors
  4 satyrs
  10 death scarabs (Tomb:1)
  18 deep troll earth magi
  10 vampire magi
  6 spriggan berserkers
  7 shock serpents
  22 naga sharpshooters
  A spectral storm dragon (Vaults:2)
  A storm dragon zombie (Crypt:3)
  Nergalle (Lair:4)
  A shock serpent (shapeshifter) (Depths:3)
  28 deep elf knights
  2 soul eaters
  2 spectral elves (Vaults:2)
  7 iron trolls
  18 sea snakes
  3 salamander mystics
  4 small abominations
  7 shadow wraiths
  19 skeletal warriors
  A sea snake (shapeshifter) (Vaults:5)
  An anaconda zombie (Crypt:3)
  The ghost of Tenar the Gouger, a novice FeFi of Cheibriados (Lair:1)
  3 golden dragon zombies (Crypt:3)
  15 hell knights
  A death drake (shapeshifter) (Vaults:5)
  3 unseen horrors
  44 deep trolls
  3 glowing orange brains
  8 flayed ghosts
  A golden dragon skeleton (Crypt:1)
  6 naga ritualists
  4 wizards
  A deep troll (shapeshifter) (Orc:2)
  18 harpies
  15 deep elf archers
  22 phantasmal warriors
  An iron dragon zombie (D:15)
  11 ironbrand convokers
  A wolf spider zombie (Crypt:3)
  14 orc knights
  7 mana vipers
  4 wolf spiders
  A faun (shapeshifter) (Depths:4)
  15 necromancers
  5 cyclopes
  2 orc sorcerers
  61 deep elf magi
  A mana viper (shapeshifter) (Depths:4)
  61 ugly things
  11 manticores
  2 human zombies (Vaults:2)
  16 salamanders
  A moth of wrath (shapeshifter) (Depths:4)
  An oklob plant (Lair:5)
  16 fauns
  16 moths of wrath
  13 vault sentinels
  A rust devil (Depths:1)
  A black mamba (shapeshifter) (Vaults:4)
  13 elephants (Lair:6)
  6 water nymphs
  5 merfolk sirens
  27 naga magi
  4 ice statues (IceCv)
  2 dire elephant zombies
  6 gargoyles
  26 black mambas
  An eye of devastation (shapeshifter) (Depths:4)
  A shock serpent skeleton (Tomb:1)
  2 catoblepas zombies
  13 cane toads
  15 rime drakes
  2 efreet
  A rime drake (shapeshifter) (Depths:2)
  A grey draconian zombie (Crypt:3)
  A kobold demonologist (D:13)
  A swamp worm zombie (Crypt:2)
  68 yaktaurs
  11 ice devils (IceCv)
  12 freezing wraiths
  7 komodo dragons
  3 yaktaur skeletons
  A green draconian skeleton (Crypt:2)
  A hydra zombie (Crypt:3)
  A purple draconian skeleton (Crypt:2)
  14 guardian mummies
  A queen bee (shapeshifter) (Vaults:1)
  A meliai (shapeshifter) (Depths:3)
  3 tengu conjurers
  A polar bear (Lair:6)
  2 wind drakes
  9 trolls
  20 merfolk
  11 hornets
  3 bog bodies
  A merfolk (shapeshifter) (Depths:3)
  27 slime creatures
  A jumping spider (shapeshifter) (Vaults:5)
  A harpy skeleton (Crypt:3)
  A shadow dragon simulacrum (Vaults:2)
  A blink frog (shapeshifter) (Depths:2)
  A deep troll zombie (D:15)
  10 blink frogs
  3 stone giant simulacra
  2 spriggan zombies
  9 dream sheep
  A frost giant simulacrum (Vaults:2)
  A fire dragon zombie (Crypt:3)
  An ice dragon skeleton (Depths:1)
  10 hippogriffs
  A fire giant simulacrum (Vaults:2)
  9 snapping turtles
  Sigmund (D:4)
  3 redbacks (Vaults:4)
  7 spriggans
  An ettin skeleton (Vaults:2)
  3 shadows
  A tarantella (shapeshifter) (Vaults:2)
  A fire dragon skeleton (Tomb:1)
  An air elemental (Elf:2)
  37 flying skulls
  13 wraiths
  2 ushabtiu
  18 vampires (Crypt:3)
  4 wyverns
  12 water elementals
  49 yaks
  A tarantella (Vaults:4)
  Eustachio (D:6)
  7 steam dragons (Lair:2)
  A basilisk (shapeshifter) (Vaults:3)
  20 fire elementals
  3 hogs (Snake:2)
  A tyrant leech zombie (Crypt:1)
  7 vampire mosquitoes (D:15)
  5 basilisks
  An elf simulacrum (Vaults:2)
  A human simulacrum (Vaults:2)
  Menkaure (D:5)
  A monstrous demonspawn zombie (Crypt:3)
  5 wargs
  4 acid dragons
  A hydra simulacrum (Depths:4)
  4 soldier ants
  20 water moccasins
  A floating eye (Depths:2)
  58 nagas
  A faun skeleton (Crypt:2)
  2 porcupines
  Duvessa (D:7)
  A water nymph skeleton (Crypt:2)
  2 hell hounds (Lair:5)
  41 orc warriors
  A human skeleton (Depths:3)
  An ice beast (shapeshifter) (Depths:2)
  16 ice beasts
  4 sky beasts
  A meliai simulacrum (D:13)
  3 necrophages
  A manticore zombie (Crypt:1)
  An ettin simulacrum (Vaults:2)
  A hornet zombie (D:13)
  4 boggarts (Vaults:1)
  5 phantoms
  55 ogres
  5 wolves (Lair:5)
  30 centaurs
  A torpor snail zombie (Crypt:3)
  20 crocodiles
  A hog skeleton (Crypt:3)
  An octopode zombie (Crypt:2)
  A palentonga zombie (Crypt:2)
  15 bullfrogs
  Dowan (D:7)
  A tengu simulacrum (Depths:1)
  2 earth elementals (Elf:2)
  A wyvern skeleton (D:14)
  2 scorpions
  3 troll zombies (D:9)
  A water moccasin skeleton (D:10)
  3 killer bees (D:9)
  3 electric eels
  21 wights
  6 howler monkeys
  5 centaur zombies
  11 jellies
  6 hounds
  5 bullfrog skeletons
  22 orc priests
  Crazy Yiuf (D:6)
  11 centaur skeletons
  24 orc wizards
  4 hell rats (Lair:4)
  6 worker ants
  2 troll simulacra (IceCv)
  A killer bee zombie (D:8)
  A spriggan simulacrum (IceCv)
  An acid dragon zombie (Crypt:2)
  A tengu zombie (Crypt:1)
  3 centaur simulacra (IceCv)
  5 ogre zombies (D:9)
  An acid dragon skeleton (Crypt:2)
  A hound zombie (D:8)
  2 hound skeletons
  Robin (D:4)
  A howler monkey zombie (D:11)
  15 mummies
  A worker ant zombie (D:5)
  8 gnolls
  3 naga simulacra (IceCv)
  7 river rats (Lair:4)
  17 adders
  An ogre simulacrum (IceCv)
  A shadow imp (D:8)
  A white imp (D:8)
  2 adder skeletons
  An iguana skeleton (Crypt:1)
  4 worms
  3 dart slugs
  4 leopard geckos
  99 orcs
  5 ball pythons
  5 giant cockroaches
  15 goblins
  7 hobgoblins
  4 iguanas
  5 jackals
  2 quokkas
  A river rat zombie (Crypt:3)
  5 bats
  6 frilled lizards
  A goblin skeleton (D:9)
  2 goblin zombies (D:9)
  2 hobgoblin skeletons (D:9)
  4 hobgoblin zombies (D:9)
  A jackal skeleton (D:5)
  10 kobolds
  2 leopard gecko skeletons
  3 orc skeletons
  14 orc zombies (D:9)
  A quokka zombie (D:5)
  16 rats
  A rat skeleton (Crypt:1)
  A rat zombie (Crypt:1)
  2 crawling corpses (Crypt:3)
  8 tentacles
2680 creatures vanquished.

Vanquished Creatures (collateral kills)
  A crocodile (Lair:6)
  An orc wizard (Orc:1)
  An orc (Orc:1)
3 creatures vanquished.

Vanquished Creatures (others)
  A draconian knight (Zot:4)
  A deep elf annihilator (Elf:3)
  Erica (D:14)
  A harpy (Shoals:4)
  A wizard (D:7)
  A guardian mummy (Tomb:1)
  A wyvern (shapeshifter) (Vaults:5)
  A crawling corpse (Vaults:5)
  25 fungi
  179 plants
  40 tentacles
  A withered plant (D:15)
253 creatures vanquished.

Grand Total: 2936 creatures vanquished

Notes
Turn   | Place    | Note
-------+----------+-------------------------------------------
     0 | D:1      | Caleiyous the Gargoyle Fighter began the quest for the Orb.
     0 | D:1      | Reached XP level 1. HP: 14/14 MP: 1/1
   209 | D:1      | Reached XP level 2. HP: 19/19 MP: 2/2
   767 | D:2      | Reached XP level 3. HP: 23/23 MP: 3/3
   979 | D:2      | Found a shimmering altar of Xom.
   999 | D:2      | Found a hazy altar of Hepliaklqana.
  1191 | D:2      | Found a faded altar of an unknown god.
  1280 | D:2      | Reached XP level 4. HP: 28/28 MP: 4/4
  1502 | D:3      | Reached skill level 5 in Maces & Flails
  1526 | D:3      | Reached XP level 5. HP: 29/32 MP: 5/5
  2202 | D:3      | Noticed a centaur
  2212 | D:3      | Killed a centaur
  2212 | D:3      | Reached XP level 6. HP: 33/37 MP: 6/6
  2500 | D:4      | Noticed Sigmund
  2529 | D:4      | Killed Sigmund
  2529 | D:4      | Reached XP level 7. HP: 8/41 MP: 7/7
  3034 | D:4      | Noticed Robin
  3069 | D:4      | Killed Robin
  3252 | D:5      | Entered Level 5 of the Dungeon
  3519 | D:5      | Found Tean's Antique Weapon Shoppe.
  3807 | D:5      | Reached XP level 8. HP: 46/46 MP: 8/8
  4076 | D:5      | Noticed Menkaure
  4093 | D:5      | Killed Menkaure
  4352 | D:6      | Reached skill level 10 in Maces & Flails
  4417 | D:6      | Noticed Eustachio
  4434 | D:6      | Killed Eustachio
  5009 | D:6      | Found a runed translucent door.
  5010 | D:6      | Noticed Crazy Yiuf
  5187 | D:6      | Killed Crazy Yiuf
  5271 | D:7      | Reached XP level 9. HP: 45/51 MP: 7/9
  5302 | D:7      | Found a staircase to the Ecumenical Temple.
  5320 | Temple   | Entered the Ecumenical Temple
  5491 | Temple   | Became a worshipper of Warmaster Okawaru
  5582 | D:7      | Identified the Grimoire of Arcane Weapons and Companions
  5596 | D:7      | Noticed Dowan
  5596 | D:7      | Noticed Duvessa
  5609 | D:7      | Killed Duvessa
  5620 | D:7      | Killed Dowan
  5932 | D:7      | Found a bloodstained altar of Trog.
  5935 | D:7      | Noticed a wizard
  5941 | D:7      | Killed a wizard
  6258 | D:8      | Reached * piety under Okawaru
  6305 | D:8      | Noticed a hornet
  6319 | D:8      | Killed a hornet
  6824 | D:9      | Reached ** piety under Okawaru
  6826 | D:9      | Reached XP level 10. HP: 47/56 MP: 8/10
  7120 | D:9      | Reached skill level 1 in Invocations
  7866 | D:9      | Reached *** piety under Okawaru
  7882 | D:9      | Found a staircase to the Orcish Mines.
  8315 | D:10     | Entered Level 10 of the Dungeon
  8562 | D:10     | Reached skill level 5 in Fighting
  8562 | D:10     | Reached skill level 5 in Armour
  8562 | D:10     | Reached skill level 5 in Shields
  8575 | D:10     | Reached **** piety under Okawaru
  8663 | D:10     | Reached XP level 11. HP: 64/64 MP: 12/14
  8719 | D:10     | Noticed a two-headed ogre
  8731 | D:10     | Killed a two-headed ogre
  8948 | D:10     | Reached ***** piety under Okawaru
  9506 | D:11     | Noticed a death knight
  9510 | D:11     | Noticed Ifackof's ghost (journeyman DDFi)
  9510 | D:11     | Noticed a cyan ugly thing
  9511 | D:11     | Found a runed translucent gate.
  9511 | D:11     | Found a runed translucent gate.
  9511 | D:11     | Found a runed translucent gate.
  9512 | D:11     | Noticed a stone giant
  9527 | D:11     | Noticed a skeletal warrior
  9527 | D:11     | Noticed a purple ugly thing
  9557 | D:11     | Killed a skeletal warrior
  9557 | D:11     | Reached skill level 5 in Invocations
  9571 | D:11     | Killed a purple ugly thing
  9888 | D:11     | Found Utugihukh's Antique Armour Shoppe.
 10038 | D:11     | Found Cemugh's Armour Shop.
 10357 | D:11     | Killed an unseen horror
 10574 | D:11     | Found Boluv's Weapon Shop.
 10738 | D:11     | Killed an unseen horror
 10738 | D:11     | Received a gift from Okawaru
 11019 | D:11     | Found a staircase to the Lair.
 11428 | Lair:1   | Entered Level 1 of the Lair of Beasts
 11563 | Lair:1   | Reached XP level 12. HP: 69/72 MP: 16/16
 11816 | Lair:1   | Reached ****** piety under Okawaru
 12107 | Lair:1   | Found a runed translucent gate.
 12108 | Lair:1   | Found a runed translucent gate.
 12109 | Lair:1   | Found a runed translucent gate.
 12462 | Lair:1   | Received a gift from Okawaru
 12571 | Lair:1   | Noticed a minotaur
 12571 | Lair:1   | Noticed Tenar's ghost (novice FeFi)
 14314 | Lair:3   | Reached XP level 13. HP: 80/80 MP: 19/19
 14408 | Lair:3   | Reached skill level 10 in Shields
 14766 | Lair:4   | Received a gift from Okawaru
 14766 | Lair:4   | Reached skill level 10 in Fighting
 14766 | Lair:4   | Reached skill level 10 in Armour
 15165 | Lair:4   | Found a staircase to the Snake Pit.
 15316 | Lair:4   | Noticed Nergalle
 15363 | Lair:4   | Killed Nergalle
 15790 | Lair:4   | Found a staircase to the Shoals.
 16528 | Lair:5   | Found a viscous altar of Jiyva.
 16528 | Lair:5   | Found a staircase to the Slime Pits.
 17243 | Lair:6   | Entered Level 6 of the Lair of Beasts
 17683 | Lair:6   | Gained mutation: Your large and strong wings let you fly
                  | indefinitely. [Gargoyle growth]
 17683 | Lair:6   | Reached XP level 14. HP: 73/90 MP: 20/20
 18267 | Lair:6   | Received a gift from Okawaru
 18270 | Lair:6   | Got a crude crystal plate armour {god gift}
 18281 | Lair:6   | Identified the +1 crystal plate armour "Feth" {*Slow rN++
                  | Dex+3} (Okawaru gifted it to you on level 6 of the Lair of
                  | Beasts)
 18434 | Lair:6   | Noticed Josephine
 18878 | Lair:5   | Found a viscous altar of Jiyva.
 18878 | Lair:5   | Found a staircase to the Slime Pits.
 19081 | Lair:5   | Killed Josephine
 19773 | Lair:6   | Found the +9 sword of Zonguldrok {reap}
 19783 | Lair:6   | Got a shimmering scale mail
 20089 | Lair:6   | Identified the +4 scale mail of Vapnoq {MR+ Int-3 Dex+4}
                  | (You found it on level 6 of the Lair of Beasts)
 20755 | Orc:1    | Entered Level 1 of the Orcish Mines
 20805 | Orc:1    | Found a frozen archway.
 20854 | IceCv    | Entered an ice cave
 21974 | IceCv    | Got a jewelled plate armour
 22046 | Orc:1    | Identified the +5 plate armour of the Gate {-Cast +Blink
                  | Regen+ Str-2} (You found it in an ice cave)
 22216 | Orc:1    | Reached skill level 1 in Evocations
 22276 | Orc:1    | Received a gift from Okawaru
 22284 | Orc:1    | Got a dazzling flail {god gift}
 22318 | Orc:1    | Identified the +0 flail of Ifaenung {drain, Dex+3} (Okawaru
                  | gifted it to you on level 1 of the Orcish Mines)
 22604 | Orc:2    | Entered Level 2 of the Orcish Mines
 22728 | Orc:1    | Reached XP level 15. HP: 96/98 MP: 11/21
 23011 | Orc:1    | Received a gift from Okawaru
 23014 | Orc:1    | Got a twisted demon whip {god gift}
 23018 | Orc:1    | Identified the +6 demon whip of Okawaru's Condemnation
                  | {flame, *Drain rN++} (Okawaru gifted it to you on level 1
                  | of the Orcish Mines)
 23304 | Orc:2    | Found Goususot's Book Shop.
 23304 | Orc:2    | Found Ryiq's Armour Shoppe.
 23304 | Orc:2    | Found Ateawec's General Store.
 23304 | Orc:2    | Found Qirruofe's Armour Boutique.
 23343 | Orc:2    | Found Duklosh's Jewellery Boutique.
 23408 | Orc:2    | Noticed an orc warlord
 23516 | Orc:1    | Killed an orc warlord
 23516 | Orc:1    | Reached skill level 5 in Evocations
 23730 | Orc:2    | Found a staircase to the Elven Halls.
 24074 | D:11     | Killed Ifackof's ghost
 24130 | D:11     | Got a steaming ring mail
 24141 | D:11     | Identified the +4 ring mail "Mounteh" {+Fly MR- Dex+4
                  | Stlth+} (You found it on level 11 of the Dungeon)
 24369 | Lair:1   | Received a gift from Okawaru
 24392 | Lair:1   | Killed Tenar's ghost
 24395 | Lair:1   | Got a brightly glowing flail {god gift}
 24396 | Lair:1   | Identified the +2 flail of Extinguishment {vorpal, *Drain
                  | rN+ Str+4 Dex+2} (Okawaru gifted it to you on level 1 of
                  | the Lair of Beasts)
 25066 | D:12     | Identified 3 scrolls of acquirement
 25072 | D:12     | Acquired a manual of Fighting
 25073 | D:12     | Acquired the +1 crystal plate armour of Gihom {rN+}
 25074 | D:12     | Acquired a manual of Armour
 25602 | D:13     | Reached XP level 16. HP: 58/106 MP: 11/22
 25867 | D:13     | Received a gift from Okawaru
 25875 | D:13     | Got a fading lajatang {god gift}
 25881 | D:13     | Identified the +8 lajatang of the Jolly Hells {vorpal,
                  | rF+++ Str-2 Dex+3 Stlth+} (Okawaru gifted it to you on
                  | level 13 of the Dungeon)
 26389 | D:13     | Found Ken Nupo's Armour Shoppe.
 26392 | D:13     | Bought the +5 pair of gloves "Uskees" {rC+ rN++ Regen+
                  | Dex-4} for 684 gold pieces
 26585 | D:14     | Found Luules's General Store.
 26588 | D:14     | Bought a potion of haste for 140 gold pieces
 26588 | D:14     | Bought a scroll of enchant weapon for 105 gold pieces
 26588 | D:14     | Bought a scroll of remove curse for 42 gold pieces
 26973 | D:14     | Noticed Erica
 26984 | D:14     | Noticed Harold
 26985 | D:14     | Killed Erica
 27026 | D:14     | Killed Harold
 27088 | D:14     | Received a gift from Okawaru
 27559 | D:14     | Found a gate to the Vaults.
 27566 | D:14     | Reached skill level 15 in Fighting
 27581 | D:14     | Reached skill level 15 in Armour
 27812 | Shoals:1 | Entered Level 1 of the Shoals
 27933 | Shoals:1 | Identified Roxanne's Disquisition on the Rocks
 27933 | Shoals:1 | Noticed Roxanne
 27997 | Shoals:1 | Found Ytet's Assorted Antiques.
 28013 | Shoals:1 | Bought a glowing hunting sling for 126 gold pieces
 28481 | Shoals:2 | Got a brightly glowing trident
 28571 | Shoals:2 | Noticed a kraken
 28743 | Shoals:2 | Killed a kraken
 29186 | Shoals:2 | Noticed a kraken
 29280 | Shoals:2 | Identified the +9 trident of Ravage {vorpal, rPois rF+}
                  | (You found it on level 2 of the Shoals)
 29315 | Shoals:2 | Killed a kraken
 29519 | Shoals:3 | Received a gift from Okawaru
 29519 | Shoals:3 | Reached XP level 17. HP: 115/115 MP: 23/23
 29534 | Shoals:3 | Reached skill level 15 in Shields
 29555 | Shoals:3 | Noticed a kraken
 29584 | Shoals:3 | Killed a kraken
 29850 | Shoals:3 | Reached skill level 15 in Maces & Flails
 29964 | Shoals:3 | Noticed Ilsuiw
 30087 | Shoals:3 | Killed Ilsuiw
 30370 | Shoals:4 | Entered Level 4 of the Shoals
 30573 | Shoals:4 | Got a dazzling bardiche
 30581 | Shoals:4 | Identified the +5 bardiche of Balance {speed, rElec Int-3
                  | Stlth+} (You found it on level 4 of the Shoals)
 30832 | Shoals:4 | Received a gift from Okawaru
 30833 | Shoals:4 | Got a pair of twisted gloves {god gift}
 30847 | Shoals:4 | Identified the +2 pair of gloves "Deng" {Regen+ Dex+4}
                  | (Okawaru gifted it to you on level 4 of the Shoals)
 30886 | Shoals:4 | Got a barnacled rune of Zot
 31675 | Snake:1  | Entered Level 1 of the Snake Pit
 31877 | Snake:1  | Found Byis Lust's Gadget Shop.
 31878 | Snake:1  | Found Nigh's Jewellery Shoppe.
 31879 | Snake:1  | Found Tuteqat's Gadget Shop.
 32282 | Snake:1  | Noticed Aizul
 32298 | Snake:1  | Killed Aizul
 32344 | Snake:1  | Reached XP level 18. HP: 124/126 MP: 24/24
 32565 | Snake:2  | Noticed Kirke
 32591 | Snake:2  | Killed Kirke
 33060 | Snake:2  | Acquired a manual of Maces & Flails
 33367 | Snake:3  | Received a gift from Okawaru
 33393 | Snake:3  | Got a shimmering ring mail {god gift}
 33404 | Snake:3  | Identified the +6 ring mail of the Kraken {rC+ rN++ rCorr}
                  | (Okawaru gifted it to you on level 3 of the Snake Pit)
 33938 | Snake:3  | Reached skill level 10 in Evocations
 34377 | Snake:4  | Entered Level 4 of the Snake Pit
 34396 | Snake:4  | Noticed Vashnia
 34424 | Snake:4  | Killed Vashnia
 34610 | Snake:4  | Reached XP level 19. HP: 133/133 MP: 25/25
 34613 | Snake:4  | Received a gift from Okawaru
 34661 | Snake:4  | Identified the cursed +0 ring mail of the Armoured One
                  | {Regen+ rCorr SInv}
 35148 | Snake:4  | Got a serpentine rune of Zot
 35587 | Shoals:1 | Killed Roxanne
 35803 | Elf:1    | Entered Level 1 of the Elven Halls
 35803 | Elf:1    | Noticed Frances
 35829 | Elf:1    | Received a gift from Okawaru
 35878 | Elf:1    | Paralysed by a floating eye for 2 turns
 35979 | Elf:1    | Killed Frances
 36084 | Elf:1    | Found Eshateh's Book Boutique.
 36084 | Elf:1    | Found Haebee's Gadget Shop.
 36128 | Elf:1    | Found Olebeun's General Store.
 36128 | Elf:1    | Found Nuyjess's Antique Armour Shop.
 36136 | Elf:1    | Bought a scroll of identify for 26 gold pieces
 36424 | Elf:1    | Noticed Jorgrun
 36444 | Elf:1    | Killed Jorgrun
 36503 | Elf:1    | Found Cymeah's Assorted Antiques.
 36518 | Elf:1    | Bought a scroll of identify for 76 gold pieces
 36518 | Elf:1    | Bought a scroll of identify for 76 gold pieces
 36564 | Elf:1    | Found a shimmering blue altar of Sif Muna.
 37182 | Elf:2    | Found a runed translucent gate.
 37184 | Elf:2    | Found a runed translucent gate.
 37187 | Elf:2    | Found a runed translucent gate.
 37532 | Elf:2    | Received a gift from Okawaru
 37535 | Elf:2    | Got a scorched morningstar {god gift}
 37541 | Elf:2    | Identified the +5 morningstar of Juhu {freeze, MR+}
                  | (Okawaru gifted it to you on level 2 of the Elven Halls)
 37845 | Elf:2    | Reached XP level 20. HP: 142/142 MP: 26/26
 38074 | Elf:3    | Entered Level 3 of the Elven Halls
 38378 | Elf:3    | Noticed a Tzitzimitl
 38381 | Elf:3    | Received a gift from Okawaru
 38563 | Elf:3    | Identified the ring of Ukapt {rC+ EV+4 Str+7 Stlth-}
 38699 | Elf:3    | Identified the Collected Works on Creative Cold
 38707 | Elf:3    | Got a brightly glowing long sword
 38708 | Elf:3    | Identified the +8 long sword of Peril {vorpal, Str+2
                  | Int+10} (You found it on level 3 of the Elven Halls)
 38794 | Elf:3    | Identified the ring of Namam {rPois rF+ MR++ SInv}
 38851 | Elf:3    | Got an encrusted scale mail
 38862 | Elf:3    | Identified the cursed +0 scale mail of Vappus {Dex+8} (You
                  | found it on level 3 of the Elven Halls)
 38960 | Elf:3    | Identified the Collected Works on Earth and the Blaze
 39016 | Elf:3    | Reached skill level 1 in Crossbows
 39694 | Vaults:1 | Entered Level 1 of the Vaults
 39792 | Vaults:1 | Got a jewelled chain mail
 39803 | Vaults:1 | Identified the +0 chain mail of Ru's Esteem {rElec Dex+3}
                  | (You found it on level 1 of the Vaults)
 39879 | Vaults:1 | Received a gift from Okawaru
 40058 | Vaults:1 | Reached skill level 5 in Crossbows
 40352 | Vaults:1 | Reached XP level 21. HP: 150/150 MP: 27/27
 40572 | Vaults:1 | Noticed Asterion
 40620 | Vaults:1 | Killed Asterion
 41501 | Vaults:2 | Found a runed translucent gate.
 41501 | Vaults:2 | Found a runed translucent gate.
 41501 | Vaults:2 | Found a runed translucent gate.
 41503 | Vaults:2 | Noticed Kuifeh's ghost (adept MiBe)
 41665 | Vaults:2 | Found a staircase to the Crypt.
 41764 | Vaults:2 | Received a gift from Okawaru
 42829 | Vaults:2 | Killed Kuifeh's ghost
 42829 | Vaults:2 | Reached skill level 10 in Crossbows
 43190 | Vaults:3 | Received a gift from Okawaru
 43197 | Vaults:3 | Reached XP level 22. HP: 148/158 MP: 28/28
 43340 | Vaults:3 | Received a gift from Okawaru
 43429 | Vaults:3 | Received a gift from Okawaru
 44773 | Vaults:4 | Found Daumagg's Gadget Boutique.
 44897 | Vaults:4 | Noticed Margery
 44933 | Vaults:4 | Killed Margery
 44933 | Vaults:4 | Received a gift from Okawaru
 45051 | Vaults:4 | Found Kishir's Magic Scroll Shoppe.
 45101 | Vaults:4 | Bought a scroll of identify for 44 gold pieces
 45101 | Vaults:4 | Bought a scroll of identify for 44 gold pieces
 45101 | Vaults:4 | Bought a scroll of teleportation for 66 gold pieces
 45101 | Vaults:4 | Bought a scroll of magic mapping for 77 gold pieces
 45101 | Vaults:4 | Bought a scroll of identify for 44 gold pieces
 45101 | Vaults:4 | Bought a scroll of enchant weapon for 165 gold pieces
 45101 | Vaults:4 | Bought a scroll of identify for 44 gold pieces
 45258 | Vaults:4 | Acquired the ring of Raghi {+Blink Str+4 Int+6 Dex-2
                  | Stlth+}
 45368 | Vaults:4 | Noticed Sojobo
 45425 | Vaults:4 | Killed Sojobo
 45425 | Vaults:4 | Reached XP level 23. HP: 165/165 MP: 23/29
 46321 | D:15     | Entered Level 15 of the Dungeon
 46338 | D:15     | Found a staircase to the Depths.
 46348 | D:15     | Received a gift from Okawaru
 46842 | Depths:1 | Entered Level 1 of the Depths
 47062 | Depths:1 | Found a one-way gate leading to the halls of Pandemonium.
 47256 | Depths:1 | Received a gift from Okawaru
 47263 | Depths:1 | Got a distressingly furry scale mail {god gift}
 47336 | Depths:1 | Identified the +1 scale mail "Jetemnoh" {rPois} (Okawaru
                  | gifted it to you on level 1 of the Depths)
 47637 | Depths:1 | Found a gateway to Hell.
 48368 | Depths:2 | Found a snail-covered altar of Cheibriados.
 48679 | Depths:2 | Noticed the Enchantress
 48697 | Depths:2 | Received a gift from Okawaru
 48701 | Depths:2 | Killed the Enchantress
 48701 | Depths:2 | Reached XP level 24. HP: 167/173 MP: 29/29
 48847 | Depths:2 | Noticed Nikola
 48875 | Depths:2 | Killed Nikola
 49458 | Depths:3 | You are sucked into a shaft and drop 1 floor!
 49639 | Depths:4 | Reached skill level 15 in Evocations
 49908 | Depths:4 | Found a one-way gate to the infinite horrors of the Abyss.
 49991 | Depths:3 | Found Dueph's Antique Weapon Shoppe.
 49996 | Depths:3 | Found Sybigu's General Store.
 49999 | Depths:3 | Bought a glowing hand crossbow for 188 gold pieces
 50012 | Depths:3 | Bought a scroll of blinking for 97 gold pieces
 50012 | Depths:3 | Bought a scroll of teleportation for 39 gold pieces
 50225 | Depths:2 | Received a gift from Okawaru
 50560 | Depths:3 | Received a gift from Okawaru
 50874 | Depths:3 | Noticed a juggernaut
 50886 | Depths:3 | Killed a juggernaut
 51145 | Depths:3 | Reached XP level 25. HP: 182/182 MP: 29/29
 51152 | Depths:3 | Noticed a juggernaut
 51166 | Depths:3 | Killed a juggernaut
 51269 | Depths:3 | Received a gift from Okawaru
 51460 | Depths:3 | Acquired 380 gold pieces
 51776 | Depths:3 | Found Sybigu's General Store.
 51783 | Depths:3 | Found Dueph's Antique Weapon Shoppe.
 51808 | Depths:3 | Received a gift from Okawaru
 51912 | Depths:3 | Got a faintly humming chain mail {god gift}
 51923 | Depths:3 | Identified the +0 chain mail of the Stag {-Tele rPois MR++
                  | Int+2} (Okawaru gifted it to you on level 3 of the Depths)
 52497 | Depths:4 | Noticed Mennas
 52569 | Depths:4 | Killed Mennas
 52600 | Depths:4 | Acquired 1080 gold pieces
 52840 | Depths:4 | Noticed Saint Roka
 52863 | Depths:4 | Killed Saint Roka
 53448 | Depths:5 | Entered Level 5 of the Depths
 53448 | Depths:5 | Found a gateway to a ziggurat.
 53892 | Depths:5 | Received a gift from Okawaru
 54006 | Depths:5 | Received a gift from Okawaru
 54040 | Depths:5 | Reached XP level 26. HP: 119/192 MP: 23/29
 54294 | Depths:5 | Found a gate to the Realm of Zot.
 54660 | Depths:5 | Found Fiyxyut's General Store.
 54668 | Depths:5 | Bought a wand of digging (5) for 288 gold pieces
 54668 | Depths:5 | Bought a potion of heal wounds for 80 gold pieces
 54668 | Depths:5 | Bought a scroll of teleportation for 48 gold pieces
 54776 | Depths:5 | Got an ichor-stained shortbow
 54782 | Depths:5 | Identified the cursed +3 shortbow of Sedwif {vorpal,
                  | Fragile MR+ Int+4 Dex+6} (You found it on level 5 of the
                  | Depths)
 55464 | Crypt:1  | Entered Level 1 of the Crypt
 55557 | Crypt:1  | Noticed Mara
 55597 | Crypt:1  | Noticed Caleiyous's illusion
 55610 | Crypt:1  | Killed Mara
 55610 | Crypt:1  | Received a gift from Okawaru
 55687 | Crypt:1  | Noticed a greater mummy
 55690 | Crypt:1  | Noticed Khufu
 55938 | Crypt:1  | Killed Khufu
 55951 | Crypt:1  | Killed a greater mummy
 55951 | Crypt:1  | Received a gift from Okawaru
 56358 | Crypt:1  | Noticed Xtahua
 56372 | Crypt:1  | Killed Xtahua
 57323 | Crypt:2  | Reached skill level 27 in Fighting
 57380 | Crypt:2  | Got an encrusted morningstar
 57381 | Crypt:2  | Identified the +3 morningstar of Saltpetre {flame, rN+
                  | Int+2} (You found it on level 2 of the Crypt)
 57646 | Crypt:3  | Entered Level 3 of the Crypt
 58087 | Crypt:3  | Found a staircase to the Tomb.
 58277 | Crypt:3  | Reached XP level 27. HP: 199/199 MP: 29/29
 58496 | Crypt:3  | Received a gift from Okawaru
 58497 | Crypt:3  | Got a bloodstained quarterstaff {god gift}
 58815 | Crypt:3  | Found the +8 glaive of the Guard {elec, +Rage AC+5 SInv}
 59200 | Crypt:3  | Noticed Jory
 59211 | Crypt:3  | Killed Jory
 59242 | Crypt:3  | Got a coiled wooden ring
 59273 | Crypt:3  | Got a flickering platinum ring
 59274 | Crypt:3  | Identified Atet's Collected Works on Black Rituals
 59280 | Crypt:3  | Identified the ring "Seisiusi" {rPois rF+} (You found it on
                  | level 3 of the Crypt)
 59281 | Crypt:3  | Identified the ring of Sem Rari {*Corrode rElec rF+ Int+7}
                  | (You found it on level 3 of the Crypt)
 59363 | Tomb:1   | Entered Level 1 of the Tomb of the Ancients
 59585 | Tomb:1   | Received a gift from Okawaru
 59843 | Tomb:1   | Noticed an ancient lich
 59856 | Tomb:1   | Killed an ancient lich
 59862 | Tomb:1   | Received a gift from Okawaru
 59869 | Tomb:1   | Noticed an ancient lich
 59888 | Tomb:1   | Noticed a greater mummy
 60275 | Tomb:1   | Killed an ancient lich
 60653 | Tomb:1   | Killed a greater mummy
 60913 | Tomb:2   | Noticed a greater mummy
 60914 | Tomb:2   | Noticed a greater mummy
 60914 | Tomb:2   | Noticed a greater mummy
 60916 | Tomb:2   | Noticed an ancient lich
 60920 | Tomb:2   | Noticed a greater mummy
 60939 | Tomb:2   | Killed a greater mummy
 60944 | Tomb:2   | Gained mutation: Your magical capacity is low. (-10% MP)
                  | [mutagenic glow]
 60964 | Tomb:1   | Gained mutation: Your magical capacity is very low. (-20%
                  | MP) [mutagenic glow]
 61492 | Vaults:5 | Entered Level 5 of the Vaults
 61511 | Vaults:5 | Received a gift from Okawaru
 61648 | Vaults:5 | Received a gift from Okawaru
 61649 | Vaults:5 | Got an ebony quarterstaff {god gift}
 61792 | Vaults:5 | Identified the +1 hand axe "Goheaniph" {vorpal, *Drain rC+
                  | Dex+5}
 62360 | Vaults:5 | Identified the cursed +3 battleaxe of the Candelabrum
                  | {vorpal, rElec rN+}
 62512 | Vaults:5 | Received a gift from Okawaru
 62542 | Vaults:5 | Reached skill level 27 in Armour
 62762 | Vaults:5 | Got a spiked plate armour
 62773 | Vaults:5 | Identified the cursed +1 plate armour of Dithmenos's
                  | Supremacy {+Fly rN+++} (You found it on level 5 of the
                  | Vaults)
 62867 | Vaults:5 | Noticed an ancient lich
 62877 | Vaults:5 | Killed an ancient lich
 63394 | Vaults:5 | Found the +3 pair of gauntlets of War {Slay+5}
 63738 | Vaults:5 | Got a silver rune of Zot
 63740 | Vaults:5 | Identified the Guide on Floating Cold
 63755 | Vaults:5 | Identified the Collected Works on Creation and Earth
 63809 | Vaults:5 | Identified Sif Muna's Catalogue of Companions
 63979 | Vaults:5 | Got a transparent ring mail
 63990 | Vaults:5 | Identified the +5 ring mail of Resonance {Regen+} (You
                  | found it on level 5 of the Vaults)
 64326 | Zot:1    | Entered Level 1 of the Realm of Zot
 64372 | Zot:1    | Received a gift from Okawaru
 65008 | Zot:1    | Identified Pemnorch's Handbook of Poisonous Lightness
 66111 | Zot:2    | Received a gift from Okawaru
 68265 | Zot:3    | Received a gift from Okawaru
 68272 | Zot:3    | Noticed an orb of fire
 68273 | Zot:3    | Noticed an orb of fire
 68274 | Zot:3    | Gained mutation: You are occasionally teleported next to
                  | monsters. [an orb of fire]
 68539 | Zot:3    | Gained mutation: You occasionally shout uncontrollably at
                  | your foes. [an orb of fire]
 68542 | Zot:3    | Gained mutation: You are frail. (-10% HP) [an orb of fire]
 68543 | Zot:3    | Gained mutation: You are sometimes teleported next to
                  | monsters. [an orb of fire]
 68544 | Zot:3    | Gained mutation: Scrolls take you a little longer to read.
                  | [an orb of fire]
 68547 | Zot:3    | Gained mutation: Your magical capacity is extremely low.
                  | (-30% MP) [an orb of fire]
 68555 | Zot:3    | Killed an orb of fire
 68674 | Zot:3    | Lost mutation: Scrolls take you a little longer to read.
                  | [potion of mutation]
 68674 | Zot:3    | Lost mutation: You are sometimes teleported next to
                  | monsters. [potion of mutation]
 68674 | Zot:3    | Gained mutation: You have sharp toenails. [potion of
                  | mutation]
 68674 | Zot:3    | Gained mutation: You have sharp fingernails. [potion of
                  | mutation]
 68675 | Zot:3    | Lost mutation: Your magical capacity is extremely low.
                  | (-30% MP) [potion of mutation]
 68675 | Zot:3    | Lost mutation: You have sharp toenails. [potion of
                  | mutation]
 68675 | Zot:3    | Lost mutation: You are frail. (-10% HP) [potion of
                  | mutation]
 68675 | Zot:3    | Gained mutation: Your mind is acute. (Int +2) [potion of
                  | mutation]
 68675 | Zot:3    | Gained mutation: You have a pair of small horns on your
                  | head. [potion of mutation]
 68675 | Zot:3    | Gained mutation: You are sometimes teleported next to
                  | monsters. [potion of mutation]
 68675 | Zot:3    | Gained mutation: You possess an exceptional clarity of
                  | mind. [potion of mutation]
 68715 | Zot:3    | Gained mutation: You sometimes yell uncontrollably at your
                  | foes. [an orb of fire]
 68733 | Zot:3    | Killed an orb of fire
 69281 | Zot:4    | Reached skill level 27 in Shields
 70084 | Zot:4    | Received a gift from Okawaru
 70701 | Zot:5    | Entered Level 5 of the Realm of Zot
 71249 | Zot:5    | Noticed an orb of fire
 71251 | Zot:5    | Gained mutation: Your spells are a little easier to cast,
                  | but a little less powerful. [an orb of fire]
 71252 | Zot:5    | Noticed an ancient lich
 71272 | Zot:5    | Killed an orb of fire
 71277 | Zot:5    | Mangled by an ancient lich

Illustrated notes

Levels and vault maps discovered:
D:1:      evilmike_arrival_plus, layout_basic
D:2:      layout_rooms, overflow_temple_1_default,
          chequers_ecumenical_altar_island, serial_forest,
          infiniplex_forest_lined_1, infiniplex_forest_clump_diagonal,
          infiniplex_forest_lined_room_2, infiniplex_forest_lined_3_way,
          infiniplex_forest_lined_2, infiniplex_forest_lined_2,
          dk_xom_monty_hall
D:3:      layout_rooms
D:4:      layout_basic, chequers_serial_rivers_micro_d, kennysheep_minor_cross,
          uniq_robin, uniq_sigmund
D:5:      layout_rooms, serial_shops, shop, uniq_menkaure
D:6:      layout_loops_ring, uniq_crazy_yiuf_cottage, uniq_eustachio
D:7:      layout_gridville, minmay_temple_entry_sparse_star, trog_wizard,
          uniq_duvessa
D:8:      layout_basic, the_bakery
D:9:      layout_long_grid, zombieorc2_lemuel
D:10:     layout_loops_ring
D:11:     layout_layer_cave, lair_entry_dummy, gammafunk_ghost_split,
          serial_shops, nicolae_shop_behind_doors, nicolae_shop_trees,
          shop_statue, minmay_checkerbox
D:12:     layout_long_grid, hangedman_pestilent_swarm
D:13:     layout_basic, serial_shops, kennysheep_mini_moat, grunt_potential
D:14:     layout_loops_ring, skrybe_vaults_entry_preservation, serial_shops,
          shop, nicolae_benzene_ring, sword_in_stone
D:15:     gammafunk_depths_entry_grave, layout_basic, minmay_strange_pillars
Temple:   minmay_crystal_snake_temple
Lair:1:   layout_gridlike, maelrawn_ghost_gauntlet_escape
Lair:2:   layout_regular_city, grunt_forest_small_clearings,
          bobbens_dragon_lair_wall
Lair:3:   layout_hall_layers
Lair:4:   layout_regular_city, minmay_shoals_entry_hut,
          minmay_snake_entry_six_corridors, kennysheep_abandoned_house,
          lemuel_fruit_tree, uniq_nergalle
Lair:5:   layout_gridlike, dpeg_slime_entry_enclosed_altar, enter_volcano_3,
          grunt_megastairs_2
Lair:6:   gammafunk_lair_ancient_temple, layout_cave_pods, serial_bayou_shore_a,
          uniq_josephine
Shoals:1: layout_shoals, serial_shops, nicolae_shop_stone, uniq_roxanne
Shoals:2: layout_shoals
Shoals:3: layout_shoals, nicolae_shoals_kraken_intersection, uniq_ilsuiw
Shoals:4: shoals_end_grunt_garden, layout_shoals
Snake:1:  layout_misc_corridors, minmay_shop_grove, grunt_megastairs_5,
          uniq_aizul
Snake:2:  layout_gridlike, uniq_kirke
Snake:3:  layout_grid_shapes, st_stairs_7, grunt_megastairs_1
Snake:4:  snake_pit, layout_rooms, special_room, uniq_vashnia
Orc:1:    layout_caves, portal_ice_cave_entry_ice_beasts,
          nicolae_orc_damp_corner
Orc:2:    st_orc_ogre_mass, layout_caves, minmay_shop_enchanted_jewellery
Elf:1:    elf_arrival_002, layout_geoelf_octagon, serial_shops, shop,
          basic_altar, minivault_28, minmay_shoptagon, uniq_frances,
          uniq_jorgrun
Elf:2:    layout_loops_cross
Elf:3:    grunt_elf_hall_diamonds, layout_geoelf_castle
Vaults:1: vaults_room_hallway, vaults_dpeg_ring, nicolae_vaults_alarming,
          ontoclasm_vaults_fault, grunt_vaults_bifocal,
          hangedman_vaults_river_flow, nicolae_vaults_branching_niches,
          nicolae_vaults_network_s, hangedman_vaults_restitches, v_pattern_2,
          vaults_room_door_hall, v_misc_24, layout_vaults_omnibox, uniq_asterion
Vaults:2: gammafunk_vaults_ghost_necromancy, ontoclasm_vaults_gallery,
          hangedman_vaults_pinch, nicolae_vaults_network_periphery,
          vaults_room_fancy_cross, nicolae_vaults_little_squares_4,
          ontoclasm_vaults_twist, nicolae_vaults_little_squares_3,
          ontoclasm_vaults_pinch, layout_vaults_omnigrid, dummy_crypt_entry
Vaults:3: vaults_room_door_ring, nicolae_vaults_puzzle_piece,
          hangedman_vaults_restitches, v_alt_pattern_3, v_pattern_1,
          vaults_dpeg_hooks, ontoclasm_vaults_ring_small,
          hangedman_vaults_cutoff, hangedman_vaults_trim, v_misc_17, v_misc_2,
          ontoclasm_vaults_loading_screen, v_misc_22, layout_vaults_maze_snakey
Vaults:4: nicolae_vaults_network_square, hangedman_vaults_slice, v_misc_29,
          v_misc_17, nicolae_vaults_little_squares_6,
          nicolae_vaults_mini_display_case, ontoclasm_vaults_eye,
          nicolae_vaults_little_squares_3, vaults_dpeg_encased_lava,
          hangedman_vaults_maws, v_alt_pattern_4, ontoclasm_vaults_tryst,
          layout_vaults_omnicross, serial_shops, shop, shop, uniq_sojobo,
          uniq_margery
Vaults:5
Crypt:1:  layout_chaotic_city, grunt_crypt_arrival_split, uniq_xtahua,
          uniq_khufu, uniq_mara
Crypt:2:  layout_misc_corridors
Crypt:3:  due_elkab, layout_chaotic_city
Tomb:1
Tomb:2
Depths:1: layout_cave_pools, pan_entry, grunt_hell_entry_dis_grunt,
          kennysheep_potato
Depths:2: minmay_textured_paths, layout_small_grid, basic_altar, hell_entry,
          infiniplex_staircase_zigzag_3, serial_bayou_shore_b, uniq_enchantress,
          uniq_nikola
Depths:3: grunt_bent_corner, layout_cave_pools, pan_entry, hell_entry,
          infiniplex_staircase_zigzag_2, minmay_shop_star
Depths:4: hangedman_crystal_crosses_colossus [crystal_crosses_arms_four,
          crystal_crosses_arms_two, crystal_crosses_arms_one,
          crystal_crosses_arms_one], abyss_entry, hell_entry, uniq_saint_roka,
          uniq_mennas
Depths:5: grunt_zot_entry_alcove, layout_cave_shapes, enter_ziggurat_e,
          hell_entry, serial_shops, nicolae_shop_trees, grunt_decor_arrowhead
Zot:1:    layout_basic
Zot:2:    layout_basic, grunt_megastairs_4, lemuel_elevator
Zot:3:    lemuel_firehouse, layout_cathedral_of_symmetry, st_stairs_1
Zot:4:    layout_twisted_circle
Zot:5:    layout_cathedral_of_symmetry, hangedman_zot_decor_unnerving_road,
          lemuel_golem_globe

Skill      XL: |  1  2  3  4  5  6  7  8  9 10 11 12 13 14 15 16 17 18 19 20 21 22 23 24 25 26 27 |
---------------+----------------------------------------------------------------------------------+-----
Maces & Flails | 3 4 5 6 7 9 11 13 14 15 17 19 20 | 20.6
Invocations    | 4 6 8 |  8.0
Fighting       | 5 7 9 11 13 14 15 18 19 20 21 22 23 24 25 26 27 | 27.0
Armour         | 5 7 9 11 13 14 15 17 18 19 20 21 22 23 24 27 | 27.0
Shields        | 5 7 9 11 13 14 15 16 20 27 | 27.0
Evocations     | 2 6 7 9 10 11 13 14 15 | 15.6
Crossbows      | 5 10 11 | 11.3

Action                   |  1- 3 |  4- 6 |  7- 9 | 10-12 | 13-15 | 16-18 | 19-21 | 22-24 | 25-27 || total
-------------------------+-------+-------+-------+-------+-------+-------+-------+-------+-------++-------
Melee: Flail             |   118 |   186 |    37 |       |   155 |       |       |       |       ||   496
       Dagger            |       |       |   245 |       |       |       |       |       |       ||   245
       Mace              |       |       |   139 |   977 |   958 |       |       |       |       ||  2074
       Double sword      |       |       |       |       |   243 |       |       |       |       ||   243
       Demon whip        |       |       |       |       |   549 |  2261 |   689 |       |       ||  3499
       Morningstar       |       |       |       |       |       |       |   958 |  1664 |  1373 ||  3995
       Eveningstar       |       |       |       |       |       |       |       |   154 |       ||   154
       Sacred scourge    |       |       |       |       |       |       |       |       |  2371 ||  2371
       Headbutt          |       |       |       |       |       |       |       |       |    60 ||    60
       Unarmed           |       |       |       |       |       |       |       |       |     3 ||     3
 Fire: Hand crossbow     |       |       |       |       |       |       |    92 |   174 |   243 ||   509
Invok: Heroism           |       |       |       |     2 |     2 |     2 |     3 |     1 |    11 ||    21
       Finesse           |       |       |       |     1 |     2 |       |     3 |     1 |    11 ||    18
 Abil: Fly               |       |       |       |       |       |     1 |     1 |       |       ||     2
       Stop Flying       |       |       |       |       |       |     1 |       |       |     1 ||     2
       Evoke Blink       |       |       |       |       |       |       |     1 |       |       ||     1
Evoke: Wand              |       |       |       |       |     1 |       |       |       |     1 ||     2
       Condenser vane    |       |       |       |       |       |       |     8 |     2 |     5 ||    15
  Use: Scroll            |       |       |    13 |    10 |    12 |     9 |     4 |     6 |    49 ||   103
       Potion            |       |       |       |       |       |     2 |     2 |       |    18 ||    22
Armor: Scale mail        |    57 |   159 |   162 |       |       |       |       |       |       ||   378
       Plate armour      |       |       |   139 |   784 |  1288 |  1216 |   483 |       |       ||  3910
       Chain mail        |       |       |       |       |    86 |       |       |       |       ||    86
       Crystal plate arm |       |       |       |       |       |       |   349 |  1116 |  2369 ||  3834
       Skin              |       |       |       |       |       |       |       |       |     1 ||     1
Dodge: Dodged            |    43 |    73 |   118 |   142 |   467 |   375 |   323 |   515 |   865 ||  2921
Block: Kite shield       |    62 |   121 |   210 |   455 |   821 |   573 |  1299 |  1737 |  3063 ||  8341
       Buckler           |       |       |       |       |   322 |   367 |       |       |       ||   689
       Reflection        |       |       |       |       |    13 |   147 |   104 |   101 |    82 ||   447
       Other             |       |       |       |       |       |       |       |       |    14 ||    14
       Tower shield      |       |       |       |       |       |       |       |       |   395 ||   395
       Rpst.: Double sword |       |       |       |       |    28 |       |       |       |       ||    28

Table legend: (Time is in decaauts)
 A = Elapsed time spent in this place.
 B = Non-inter-level travel time spent in this place.
 C = Inter-level travel time spent in this place.
 D = Time resting spent in this place.
 E = Time spent auto-exploring this place.
 F = Levels seen in this place.
 G = Mean time per level.
                   A        B        C        D        E       F      G
               +--------+--------+--------+--------+--------+-----+--------+
         Total |  67070 |  62346 |   4724 |   8929 |  32956 |  56 | 1197.7 |
       Dungeon |  15414 |  14256 |   1158 |   1630 |   8546 |  15 | 1027.6 |
        Temple |    192 |    153 |     39 |      0 |    151 |   1 |  192.0 |
          Lair |   9433 |   8857 |    576 |   1441 |   5296 |   6 | 1572.2 |
        Shoals |   3703 |   3409 |    294 |    231 |   1590 |   4 |  925.8 |
     Snake Pit |   3162 |   2985 |    177 |      0 |   1968 |   4 |  790.5 |
  Orcish Mines |   2058 |   1946 |    112 |    309 |    808 |   2 | 1029.0 |
   Elven Halls |   3328 |   3198 |    130 |    100 |   1757 |   3 | 1109.3 |
        Vaults |   8969 |   8337 |    632 |   1152 |   4074 |   5 | 1793.8 |
         Crypt |   3194 |   2959 |    235 |     81 |   1599 |   3 | 1064.7 |
          Tomb |   1855 |   1587 |    268 |    520 |    626 |   2 |  927.5 |
        Depths |   7956 |   7502 |    454 |   1144 |   3603 |   5 | 1591.2 |
           Zot |   6555 |   5908 |    647 |   1573 |   2912 |   5 | 1311.0 |
      Ice Cave |   1245 |   1245 |      0 |    748 |     24 |   1 | 1245.0 |
               +--------+--------+--------+--------+--------+-----+--------+

Top non-repeatable levels by time:
  Lair:5: 2568 daAuts
Depths:3: 2487 daAuts
    D:11: 2376 daAuts
   Zot:3: 2274 daAuts
Vaults:2: 2203 daAuts
Vaults:4: 2119 daAuts
  Lair:6: 1993 daAuts
  Lair:1: 1868 daAuts
  Tomb:1: 1827 daAuts
Vaults:5: 1771 daAuts
Depths:4: 1605 daAuts
Vaults:1: 1581 daAuts
 Crypt:3: 1459 daAuts
Depths:5: 1454 daAuts
   Zot:1: 1429 daAuts
